 Dungeon Crawl Stone Soup version 0.32-a0-791-gfc315c9ecd (webtiles) character file.

Game seed: 6889371030065509113

51 cforsyth the Chopper (level 3, -11/33 HPs)
             Began as a Mountain Dwarf Cinder Acolyte on Mar 20, 2024.
             Was a High Priest of Ignis.
             Mangled by Crazy Yiuf
             ... wielding a +4 quarterstaff of chaos
              (14 damage)
             ... on level 2 of the Dungeon.
             The game lasted 00:02:36 (2496 turns).

cforsyth the Chopper (MDCA)                         Turns: 2496, Time: 00:02:37

Health: -11/33     AC:  8    Str: 18    XL:     3   Next: 57%
Magic:  5/5        EV:  6    Int: 14    God:    Ignis [*****.]
Gold:   122        SH:  0    Dex:  5    Spells: 3/5 levels left

rFire   + . .        a - -1 hand axe (flame)
rCold   . . .        (no shield)
rNeg    . . .        d - +0 chain mail
rPois   .            (no helmet)
rElec   .            (no cloak)
rCorr   .            (no gloves)
SInv    .            (no boots)
Will    .....        (no amulet) Stlth
                     (no ring)
HPRegen 0.25/turn    (no ring)
MPRegen 0.09/turn

%: no passive effects
@: mighty, weak-willed, hasted, very quick
A: runic magic, artefact enchanting
a: Renounce Religion, Fiery Armour, Foxfire Swarm, Rising Flame


You were on level 2 of the Dungeon.
You worshipped Ignis.
Ignis was extremely pleased with you.
You visited 1 branch of the dungeon, and saw 2 of its levels.

You collected 122 gold pieces.


Innate Abilities, Weirdness & Mutations

Your spellcasting is much less encumbered by armour.
You can use scrolls of enchantment on lesser artefacts.


   Skills:
 + Level 3.7 Fighting
 + Level 4.1 Axes
 + Level 1.3 Armour
 + Level 1.5 Spellcasting
 + Level 4.1 Fire Magic


You had 3 spell levels left.
You knew the following spells:

 Your Spells              Type           Power      Damage    Failure   Level
X - Scorch                Fire           24%        2d6       13%         2

Your spell library contained the following spells:

 Spells                   Type           Power      Damage    Failure   Level
 Shock                    Conj/Air       4%         1d3       41%         1
 Swiftness                Air            1%         N/A       80%         3
 Airstrike                Air            0%         2d(1-17)  99%         4

Inventory:

Hand Weapons
 a - a -1 hand axe of flaming (weapon)
Armour
 b - a +1 robe
 d - a +0 chain mail (worn)
 e - a scarf of harm
Jewellery
 f - an amulet of guardian spirit
Scrolls
 h - a scroll of identify {@r1}
 i - a scroll of noise {unknown}
Potions
 c - 2 potions of cancellation
 g - a potion of heal wounds {unknown}
 j - a potion of lignification {unknown}
 k - a potion of haste {unknown}
 l - 2 potions of curing {unknown}
 n - a potion of might {unknown}

Dungeon Overview and Level Annotations

Branches:
Dungeon (2/15)

Altars:

Annotations:
D:2 Crazy Yiuf

#.............#..............'.
#.............#.#g#.......####.
###....##.......#.#.#.......+....
.....####.......#.#.#.......#####
####....#.......#.#.#.......# ###
...'......#.....#+#.######### #..
####.รท..#.#................# #..
#....#.#......<.#######.# #..
#.(..#.#.##.g@..#######.######
#....#................#.##..>.
####....#................#.##....
...'....'................#.##....
####....#.....#####.........#....
# #....#.....# #.........#.... #
#....#.....#####.........#.... #
#######................(...(..
#########...#######......##......


You could see Crazy Yiuf.


Message History

You see here a +0 chain mail.
d - a +0 chain mail You finish removing your +1 robe.
You finish putting on your +0 chain mail.
Crazy Yiuf attacks as he pursues you!
Crazy Yiuf hits you with a +4 quarterstaff of chaos.
You feel very mighty all of a sudden.
Unknown command.
There is an escape hatch in the ceiling here.
Crazy Yiuf closely misses you.
You barely miss Crazy Yiuf.
Crazy Yiuf hits you with a +4 quarterstaff of chaos!
Your willpower is stripped away!
You hit Crazy Yiuf. You burn Crazy Yiuf.
Crazy Yiuf is lightly wounded.
Crazy Yiuf barely misses you.
Crazy Yiuf hits you with a +4 quarterstaff of chaos!
* * * LOW HITPOINT WARNING * * *
You feel yourself speed up.
You barely miss Crazy Yiuf.
Crazy Yiuf is lightly wounded.
You barely miss Crazy Yiuf.
Crazy Yiuf is lightly wounded.
Crazy Yiuf hits you with a +4 quarterstaff of chaos!
* * * LOW HITPOINT WARNING * * *
Crazy Yiuf draws strength from your wounds!
You barely miss Crazy Yiuf.
Crazy Yiuf hits you with a +4 quarterstaff of chaos!
You die...
Ignis goes out, and joins you in death.

Skill      XL: |  1  2  3 |
---------------+----------+-----
Armour         | 1 |  1.3
Axes           | 4 |  4.1
Fire Magic     | 4 |  4.1
Fighting       | |  3.7
Spellcasting   | |  1.5

Action                     || total
---------------------------++-------
  Melee: Hand axe          ||    61
   Cast: Scorch            ||    26
    Use: Scroll            ||     3
 Armour: Robe              ||    37
         Chain mail        ||     5
  Dodge: Dodged            ||    33

Levels and vault maps discovered:
D:1:      giann_forest_graveyard, layout_basic,
          hellmonk_ecumenical_altar_crossroads
D:2:      layout_basic, chequers_serial_rivers_micro_a,
          kennysheep_generic_room_2, uniq_crazy_yiuf_cottage

Notes
Turn   | Place    | Note
-------+----------+-------------------------------------------
     0 | D:1      | cforsyth the Mountain Dwarf Cinder Acolyte began the quest
                  | for the Orb.
     0 | D:1      | Reached XP level 1. HP: 19/19 MP: 2/2
   112 | D:1      | Reached XP level 2. HP: 26/26 MP: 3/3
   134 | D:1      | Learned a level 2 spell: Scorch
   410 | D:1      | Reached skill level 1 in Armour
   571 | D:1      | Reached skill level 4 in Axes
   632 | D:1      | Found a faded altar of an unknown god.
   772 | D:1      | Reached XP level 3. HP: 31/31 MP: 2/5
   886 | D:1      | Reached skill level 4 in Fire Magic
  2004 | D:2      | Found a runed translucent door.
  2005 | D:2      | Noticed Crazy Yiuf
  2495 | D:2      | HP: 3/33 [Crazy Yiuf/+4 quarterstaff of chaos (7)]
  2496 | D:2      | Mangled by Crazy Yiuf

Vanquished Creatures
  An adder (D:2)
  3 bats (D:1)
  4 endoplasms (D:2)
  3 giant cockroaches (D:1)
  4 goblins
  7 hobgoblins (D:1)
  4 quokkas
  4 ball pythons
  A frilled lizard (D:1)
  2 kobolds
  3 rats (D:1)
36 creatures vanquished.

Table legend: (Time is in decaauts)
 A = Elapsed time spent in this place.
 B = Non-inter-level travel time spent in this place.
 C = Inter-level travel time spent in this place.
 D = Time resting spent in this place.
 E = Time spent auto-exploring this place.
 F = Levels seen in this place.
 G = Mean time per level.
                   A        B        C        D        E       F      G
               +--------+--------+--------+--------+--------+-----+--------+
         Total |   2504 |   2441 |     63 |     20 |   2059 |   2 | 1252.0 |
       Dungeon |   2504 |   2441 |     63 |     20 |   2059 |   2 | 1252.0 |
               +--------+--------+--------+--------+--------+-----+--------+

Top non-repeatable levels by time:
     D:2: 1323 daAuts
     D:1: 1181 daAuts

Table legend:
 A = Non-vault XP
 B = Vault XP
 C = Vault XP percentage of total XP
 D = Non-vault monster count
 E = Vault monster count
 F = Vault count percentage of total count
                 A         B        C        D         E       F
            +---------+---------+-------+---------+---------+-------
      Total |      71 |       2 |   2.7 |      35 |       1 |   2.8
            +---------+---------+-------+---------+---------+-------
        D:1 |      44 |       0 |   0.0 |      26 |       0 |   0.0
        D:2 |      27 |       2 |   6.9 |       9 |       1 |  10.0
            +---------+---------+-------+---------+---------+-------
